 Dungeon Crawl Stone Soup version 0.26-a0-597-gb535b0901c (webtiles) character file.

Game seed: 17102088389400224145

1201 Lanoc the Frost Mage (level 8, -5/52 HPs)
             Began as a Demonspawn Ice Elementalist on Sept 8, 2020.
             Killed by divine providence
             ... invoked by an orc priest
              (14 damage)
             ... on level 5 of the Dungeon.
             The game lasted 00:06:08 (3917 turns).

Lanoc the Frost Mage (Demonspawn Ice Elementalist)  Turns: 3917, Time: 00:06:08

Health: -5/52      AC:  5    Str:  9    XL:     8   Next: 21%
Magic:  6/11       EV: 15    Int: 18    God:
Gold:   225        SH:  0    Dex: 14    Spells: 4/11 levels left

rFire    + . .     SeeInvis +   (no weapon)
rCold    + . .     Faith    +   (no shield)
rNeg     . . .     Spirit   .   a - +0 robe
rPois    .         Reflect  .   (no helmet)
rElec    .         Harm     .   p - scarf {rC+ rF+}
rCorr    +                      (no gloves)
MR       .....                  (no boots)
Stlth    ++........             v - amulet of faith
HPRegen  0.17/turn              b - ring of resist corrosion
MPRegen  0.12/turn              y - ring of see invisible

@: frozen ramparts
A: claws 2, demonic guardian 1, powered by death 1, sharp scales 3
a: no special abilities


You were on level 5 of the Dungeon.
You visited 1 branch of the dungeon, and saw 5 of its levels.

You collected 225 gold pieces.

Inventory:

Hand Weapons
 w - a +1 rapier of flaming
Armour
 a - a +0 robe (worn)
 p - a scarf of resistance (worn)
Jewellery
 b - a ring of resist corrosion (left claw)
 q - an uncursed ring of protection from cold
 v - an amulet of faith (around neck)
 y - a ring of see invisible (right claw)
Wands
 i - a wand of random effects (19)
 r - a wand of flame (37)
 u - a wand of disintegration (10)
 x - a wand of digging (7)
Scrolls
 c - a scroll of enchant armour {unknown}
 d - 7 scrolls of identify {unknown}
 e - 3 scrolls of teleportation {unknown}
 g - a scroll of random uselessness {unknown}
 h - 2 scrolls of amnesia {unknown}
 k - 5 scrolls of remove curse {unknown}
 n - a scroll of noise {unknown}
 t - a scroll of fog {unknown}
Potions
 f - 2 potions of curing {unknown}
 j - a potion of mutation {unknown}
 l - a potion of invisibility {unknown}
 m - 2 potions of lignification {unknown}
 o - a potion of haste {unknown}
 s - 3 potions of ambrosia {unknown}


   Skills:
 + Level 5.4 Dodging
 - Level 1.7 Stealth
 - Level 2.0 Spellcasting
 * Level 8.2 Ice Magic


You had 4 spell levels left.
You knew the following spells:

 Your Spells              Type           Power        Failure   Level
a - Freeze                Ice            ####         1%          1
b - Frozen Ramparts       Ice            ####..       1%          3
c - Ozocubu's Armour      Ice            ####....     1%          3

Your spell library contained the following spells:

 Spells                   Type           Power        Failure   Level
 Hailstorm                Conj/Ice       ###.....     32%         4
 Summon Ice Beast         Ice/Summ       ###.....     32%         4


Dungeon Overview and Level Annotations

Branches:
Dungeon (5/15)
 Temple: D:4-7

Altars:
Cheibriados
Makhleb
Trog
Uskayaw

Annotations:
D:5 2 transporters


Innate Abilities, Weirdness & Mutations

You have very sharp fingernails.
A weak demonic guardian rushes to your aid.
You regenerate a little health from kills.
You are completely covered in razor-sharp scales. (AC +3, Slay + 3)


Message History

Your quasit bites the orc priest but does no damage.
Your quasit claws the orc priest but does no damage. x2
Things that are here:
a +0 short sword; a +0 chain mail The frozen ramparts melt away.
Your quasit barely misses the orc priest.
Your quasit claws the orc priest but does no damage.
Your quasit claws the orc priest.
Your quasit bites the orc priest but does no damage.
Your quasit claws the orc priest but does no damage.
Your quasit claws the orc priest.
Casting: Frozen Ramparts (safe; 1% risk of failure)
Confirm with . or Enter, or press ? or * to list all spells.
The walls around you are covered in ice.
You scratch the orc priest.
The orc priest is moderately wounded.
The wall freezes the orc priest!
The orc priest invokes the aid of Beogh against you.
Beogh smites you!
You die...

##############...............
#.#............................
#...............>...<.)......).
#.#####.#########.##.#....#.###
#.#........#### #....#.###
#.#...........# #.........
#.#.######.##.# #....#.###
#.#.######.##.###.##.#....#.###
#.............@................
###......#.##o###.##.#.........
#......#.##5###.##.#....#####
####......#...).................
#..............###.##.#.#..#####
####......###..# # #.#..# ##
#......# #..# .##.#.#..####.
#......# #..# ..............
#......# #... ..............


You could see an orc priest and a friendly quasit (summoned).

Vanquished Creatures
  Sigmund (D:5)
  Eustachio (D:5)
  Edmund (D:5)
  An ice beast (D:5)
  An ogre (D:5)
  A centaur (D:5)
  A hound (D:4)
  2 orc priests
  A jelly (D:5)
  A bullfrog skeleton (D:4)
  2 iguanas
  Ijyb (D:4)
  Natasha (thrice) (D:2)
  7 gnolls
  4 adders
  An adder skeleton (D:4)
  7 orcs
  2 bats (D:3)
  2 giant cockroaches
  A goblin (D:2)
  4 hobgoblins
  A jackal (D:5)
  2 kobolds
  3 quokkas
  2 ball pythons
  5 frilled lizards
  2 jackal skeletons (D:4)
  A leopard gecko skeleton (D:4)
  3 rats
64 creatures vanquished.

Vanquished Creatures (collateral kills)
  Grinder (D:4)
  An orc wizard (D:4)
  An adder (D:5)
  A jackal (D:5)
4 creatures vanquished.

Grand Total: 68 creatures vanquished

Notes
Turn   | Place    | Note
-------+----------+-------------------------------------------
     0 | D:1      | Lanoc the Demonspawn Ice Elementalist began the quest for
                  | the Orb.
     0 | D:1      | Reached XP level 1. HP: 13/13 MP: 3/3
   160 | D:2      | Reached skill level 4 in Ice Magic
   160 | D:2      | Gained mutation: You are partially covered in razor-sharp
                  | scales. (AC +1, Slay +1) [demonic ancestry]
   160 | D:2      | Reached XP level 2. HP: 12/19 MP: 0/5
   806 | D:2      | Noticed Natasha
   812 | D:2      | Killed Natasha
   812 | D:2      | Gained mutation: You have sharp fingernails. [demonic
                  | ancestry]
   812 | D:2      | Reached XP level 3. HP: 8/24 MP: 1/6
   817 | D:2      | Learned a level 3 spell: Frozen Ramparts
  1119 | D:2      | Noticed Natasha
  1127 | D:2      | Killed Natasha
  1127 | D:2      | Gained mutation: You are mostly covered in razor-sharp
                  | scales. (AC +2, Slay +2) [demonic ancestry]
  1127 | D:2      | Reached XP level 4. HP: 30/30 MP: 3/7
  1187 | D:2      | Noticed Natasha
  1192 | D:2      | Killed Natasha
  1346 | D:3      | Reached skill level 5 in Ice Magic
  1504 | D:3      | Gained mutation: A weak demonic guardian rushes to your
                  | aid. [demonic ancestry]
  1504 | D:3      | Reached XP level 5. HP: 35/35 MP: 5/8
  1565 | D:3      | Found a snail-covered altar of Cheibriados.
  1809 | D:3      | Found a hide-covered altar of Uskayaw.
  1882 | D:3      | Learned a level 3 spell: Ozocubu's Armour
  1939 | D:4      | Noticed Grinder
  1962 | D:4      | Paralysed by Grinder for 4 turns
  1964 | D:4      | Killed Grinder
  2265 | D:4      | Gained mutation: You have very sharp fingernails. [demonic
                  | ancestry]
  2265 | D:4      | Reached XP level 6. HP: 28/41 MP: 4/9
  2398 | D:4      | Noticed Ijyb
  2419 | D:4      | Killed Ijyb
  2419 | D:4      | Reached skill level 6 in Ice Magic
  2644 | D:4      | Found a burning altar of Makhleb.
  2644 | D:4      | Noticed an Executioner
  2647 | D:4      | Noticed a smoke demon
  2647 | D:4      | Noticed a neqoxec
  2927 | D:5      | Entered Level 5 of the Dungeon
  2928 | D:5      | Noticed Eustachio
  2938 | D:5      | Noticed Sigmund
  2942 | D:5      | Killed Eustachio
  2942 | D:5      | Gained mutation: You regenerate a little health from kills.
                  | [demonic ancestry]
  2942 | D:5      | Reached XP level 7. HP: 34/46 MP: 4/10
  2956 | D:5      | Killed Sigmund
  2956 | D:5      | Reached skill level 7 in Ice Magic
  3087 | D:5      | Found a bloodstained altar of Trog.
  3089 | D:5      | Noticed a centaur warrior
  3091 | D:5      | Found a transporter.
  3584 | D:5      | Reached skill level 5 in Dodging
  3749 | D:5      | Found a transporter.
  3777 | D:5      | Noticed Edmund
  3793 | D:5      | Gained mutation: You are completely covered in razor-sharp
                  | scales. (AC +3, Slay + 3) [demonic ancestry]
  3793 | D:5      | Reached XP level 8. HP: 46/52 MP: 7/11
  3798 | D:5      | Killed Edmund
  3798 | D:5      | Reached skill level 8 in Ice Magic
  3917 | D:5      | Killed from afar by an orc priest

Illustrated notes

Levels and vault maps discovered:
D:1:      psy_arrival_conway, layout_basic, minmay_hexomino_f4
D:2:      layout_loops_ring, uniq_natasha
D:3:      layout_rooms, lemuel_round_altar, cheibriados_altar_1
D:4:      layout_rooms, makhleb_altar_promises_db, uniq_ijyb, uniq_grinder
D:5:      layout_basic, gammafunk_temple_overflow_arena,
          lemuel_coloured_pillars_altar, uniq_sigmund, uniq_eustachio,
          uniq_edmund

Skill      XL: |  1  2  3  4  5  6  7  8 |
---------------+-------------------------+-----
Dodging        | 2 3 4 5 |  5.4
Ice Magic      | 4 5 6 7 8 |  8.2
Stealth        | |  1.7
Spellcasting   | |  2.0

Action                   |  1- 3 |  4- 6 |  7- 9 || total
-------------------------+-------+-------+-------++-------
Melee: Unarmed           |     3 |    94 |    47 ||   144
       Staff             |       |     4 |       ||     4
 Cast: Freeze            |    21 |     3 |       ||    24
       Frozen Ramparts   |     1 |    19 |    12 ||    32
 Stab: Distracted        |       |       |     1 ||     1
Armor: Robe              |       |    27 |     5 ||    32
Dodge: Dodged            |     7 |    81 |    37 ||   125

Table legend: (Time is in decaauts)
 A = Elapsed time spent in this place.
 B = Non-inter-level travel time spent in this place.
 C = Inter-level travel time spent in this place.
 D = Time resting spent in this place.
 E = Time spent auto-exploring this place.
 F = Levels seen in this place.
 G = Mean time per level.
                   A        B        C        D        E       F      G
               +--------+--------+--------+--------+--------+-----+--------+
         Total |   3917 |   3859 |     58 |    171 |   3076 |   5 |  783.4 |
       Dungeon |   3917 |   3859 |     58 |    171 |   3076 |   5 |  783.4 |
               +--------+--------+--------+--------+--------+-----+--------+

Top non-repeatable levels by time:
     D:2: 1185 daAuts
     D:4: 1018 daAuts
     D:5: 988 daAuts
     D:3: 581 daAuts
     D:1: 143 daAuts
